 Dungeon Crawl Stone Soup version 0.26-a0-651-gb41185065b (webtiles) character file.

Game seed: 17058664619207969247

767 GoodGuyCap the Insei (level 7, -14/45 HPs)
             Began as an Octopode Transmuter on Sept 30, 2020.
             Was an Initiate of Gozag.
             Demolished by an ogre
             ... wielding a cursed -1 giant club
              (26 damage)
             ... on level 6 of the Dungeon.
             The game lasted 00:09:10 (9516 turns).

GoodGuyCap the Insei (Octopode Transmuter)          Turns: 9516, Time: 00:09:11

Health: -14/45     AC:  1    Str: 10    XL:     7   Next: 82%
Magic:  11/12      EV:  9    Int: 15    God:    Gozag
Gold:   336        SH: 11    Dex: 14    Spells: 12/13 levels left

rFire    . . .     SeeInvis .     - Unarmed
rCold    . . .     Faith    .   g - +2 tower shield
rNeg     . . .     Spirit   .   (helmet currently unavailable)
rPois    .         Reflect  .   (no amulet)
rElec    .         Harm     .   (no ring)
rCorr    .         Rampage  .   (no ring)
MR       .....                  (no ring)
Stlth    ++++......             (no ring)
HPRegen  0.15/turn              (no ring)
MPRegen  0.13/turn              (no ring)
                                (no ring)
                                (no ring)

@: appendages
A: almost no armour, stealthy swim, amphibious, 8 rings, constrict 8, tentacle
spike 3, camouflage 1, gelatinous body 1
a: End Transformation, Potion Petition, Call Merchant, Bribe Branch, Renounce
Religion


You were on level 6 of the Dungeon.
You worshipped Gozag.
Gozag was aware of your devotion.
One of your tentacles had a temporary spike.
You visited 1 branch of the dungeon, and saw 6 of its levels.

You collected 427 gold pieces.
You paid 91 gold pieces to Gozag.

Inventory:

Armour
 g - a +2 tower shield (worn)
Scrolls
 b - 3 scrolls of identify
 c - a scroll of random uselessness
 d - 3 scrolls of remove curse
 e - 2 scrolls of immolation
 j - a scroll of blinking
Potions
 a - 5 potions of brilliance
 f - a potion of curing
 k - a potion of degeneration {unknown}
 m - a potion of invisibility {unknown}


   Skills:
 + Level 2.1 Fighting
 + Level 3.1 Dodging
 + Level 4.2 Stealth
 + Level 0.1 Shields
 + Level 6.0 Unarmed Combat
 + Level 3.7 Spellcasting
 + Level 3.7 Transmutations


You had 12 spell levels left.
You knew the following spells:

 Your Spells              Type           Power        Failure   Level
a - Beastly Appendage     Tmut           ##....       71%         1

Your spell library contained the following spells:

 Spells                   Type           Power        Failure   Level
 Wereblood                Tmut           ##......     83%         2
 Spider Form              Tmut/Pois      #.........   100%        3
 Ice Form                 Ice/Tmut       #.......     100%        4
 Blade Hands              Tmut           ##........   100%        5


Dungeon Overview and Level Annotations

Branches:
Dungeon (6/15)
 Temple: D:4-7

Altars:
Gozag

Annotations:
D:3 3 runed translucent doors, MrDNA's ghost, amateur OpBr


Innate Abilities, Weirdness & Mutations

You cannot wear most types of armour.
You are very stealthy in the water. (Stealth+)
You are amphibious.
You can wear up to eight rings at the same time.
You can use your tentacles to constrict eight enemies at once.
Your skin changes colour to match your surroundings (Stealth+).
Your rubbery body absorbs attacks. (AC +1, EV +1)
One of your tentacles bears a large vicious spike.


Message History

Casting: Beastly Appendage (safe; 71% risk of failure)
Confirm with . or Enter, or press ? or * to list all spells.
One of your tentacles grows a vicious spike.
The ogre shouts!
The ogre hits you with a cursed -1 giant club!!
You tentacle-slap the ogre.
You pierce the ogre.
The ogre is moderately wounded.
The ogre closely misses you.
You barely miss the ogre.
You pierce the ogre.
Your squeeze misses the ogre.
The ogre is heavily wounded.
You tentacle-slap the ogre.
The ogre is heavily wounded.
The ogre hits you with a cursed -1 giant club!
* * * LOW HITPOINT WARNING * * *
You bludgeon the ogre!
The ogre is severely wounded.
The ogre hits you with a cursed -1 giant club!!
Ouch! That really hurt!
You die...
Your body crumbles into a pile of gold.

###+##....
#..##...# #...
#.......#
#.......#
#.......#
#.......######
#..##.........
#..##.........
####..##...######
#O@........#
#.....###'##
#.....##...#
#......#...# $$
#......#...#
############


You could see an ogre.

Vanquished Creatures
  A water moccasin (D:6)
  A phantom (D:5)
  An ogre (D:5)
  2 bullfrogs (D:5)
  2 howler monkeys
  A hound (D:4)
  A centaur skeleton (D:4)
  3 worker ants
  7 adders
  An ooze (D:3)
  4 worms
  4 dart slugs
  3 leopard geckos
  An orc (D:5)
  4 ball pythons
  A giant cockroach (D:1)
  8 goblins
  10 hobgoblins
  8 kobolds
  2 quokkas
  5 bats
  3 frilled lizards
  A jackal skeleton (D:4)
  12 rats
86 creatures vanquished.

Notes
Turn   | Place    | Note
-------+----------+-------------------------------------------
     0 | D:1      | GoodGuyCap the Octopode Transmuter began the quest for the
                  | Orb.
     0 | D:1      | Reached XP level 1. HP: 13/13 MP: 3/3
    45 | D:1      | Reached XP level 2. HP: 12/18 MP: 5/5
   895 | D:1      | Reached XP level 3. HP: 21/23 MP: 4/6
  2061 | D:2      | Reached skill level 1 in Stealth
  2814 | D:2      | Reached XP level 4. HP: 28/28 MP: 7/7
  2831 | D:2      | Reached skill level 4 in Unarmed Combat
  4324 | D:3      | Found a runed translucent gate.
  4324 | D:3      | Found a runed translucent gate.
  4324 | D:3      | Found a runed translucent gate.
  4326 | D:3      | Noticed MrDNA's ghost (amateur OpBr)
  4722 | D:4      | Reached XP level 5. HP: 15/33 MP: 8/8
  5275 | D:4      | Found an opulent altar of Gozag.
  5308 | D:4      | Reached XP level 6. HP: 17/38 MP: 8/10
  5320 | D:4      | Became a worshipper of Gozag Ym Sagoz the Greedy
  6029 | D:4      | Noticed a phantom
  6829 | D:5      | Entered Level 5 of the Dungeon
  6901 | D:5      | Reached skill level 5 in Unarmed Combat
  7394 | D:5      | Killed a phantom
  7394 | D:5      | Reached XP level 7. HP: 36/44 MP: 11/11
  9430 | D:6      | Reached skill level 6 in Unarmed Combat
  9516 | D:6      | Demolished by an ogre

Illustrated notes

Levels and vault maps discovered:
D:1:      dpeg_arrival_rhombus, layout_loops_ring
D:2:      layout_rooms, ebering_dispersal_statue_hall
D:3:      layout_loops_ring, gammafunk_ghost_necromancy
D:4:      layout_basic, nicolae_gozag_seed_capital, solitary_fountain
D:5:      layout_loops_cross
D:6:      kennysheep_windowed_halls, layout_gridville

Skill      XL: |  1  2  3  4  5  6  7 |
---------------+----------------------+-----
Stealth        | 1 2 3 4 |  4.2
Unarmed Combat | 4 5 6 |  6.0
Transmutations | 3 |  3.7
Spellcasting   | 3 |  3.7
Fighting       | 2 |  2.1
Dodging        | 3 |  3.1
Shields        | |  0.1

Action                   |  1- 3 |  4- 6 |  7- 9 || total
-------------------------+-------+-------+-------++-------
Melee: Unarmed           |    90 |   116 |    30 ||   236
       Constrict         |    28 |    23 |     6 ||    57
       Kick              |    12 |    15 |    10 ||    37
       Tentacles         |     6 |    11 |     5 ||    22
       Punch             |     2 |     1 |     4 ||     7
 Cast: Beastly Appendage |    14 |    20 |     6 ||    40
  Use: Scroll            |     3 |       |     8 ||    11
       Potion            |     1 |     3 |       ||     4
 Stab: Sleeping          |     3 |     3 |       ||     6
Armor: Skin              |     9 |     6 |     2 ||    17
Dodge: Dodged            |    56 |    74 |    12 ||   142
Block: Tower shield      |       |       |     4 ||     4

Table legend: (Time is in decaauts)
 A = Elapsed time spent in this place.
 B = Non-inter-level travel time spent in this place.
 C = Inter-level travel time spent in this place.
 D = Time resting spent in this place.
 E = Time spent auto-exploring this place.
 F = Levels seen in this place.
 G = Mean time per level.
                   A        B        C        D        E       F      G
               +--------+--------+--------+--------+--------+-----+--------+
         Total |   9478 |   9422 |     56 |   4421 |   3723 |   6 | 1579.7 |
       Dungeon |   9478 |   9422 |     56 |   4421 |   3723 |   6 | 1579.7 |
               +--------+--------+--------+--------+--------+-----+--------+

Top non-repeatable levels by time:
     D:5: 2574 daAuts
     D:4: 2173 daAuts
     D:3: 1984 daAuts
     D:1: 1458 daAuts
     D:2: 1179 daAuts
     D:6: 108 daAuts
